 Dungeon Crawl Stone Soup version 0.28.0-53-g5a82cb258f (webtiles) character file.

Game seed: 17328081555987358524

287 LynnLen the Covert (level 6, 0/32 HPs)
             Began as a Vampire Enchanter on July 6, 2022.
             Slain by a necrophage (3 damage)
             ... on level 4 of the Dungeon.
             The game lasted 00:15:14 (3506 turns).

LynnLen the Covert (Vampire Enchanter)              Turns: 3506, Time: 00:15:14

Health: 0/32       AC:  5    Str:  7    XL:     6   Next: 8%
Magic:  10/10      EV: 12    Int: 18    God:
Gold:   221        SH:  0    Dex: 16    Spells: 4/10 levels left

rFire   . . .      SeeInvis +   e - +1 short sword (drain)
rCold   + + .      Faith    .   (no shield)
rNeg    + + +      Spirit   .   f - +0 leather armour
rPois   ∞          Reflect  .   (no helmet)
rElec   .          Harm     .   (no cloak)
rCorr   .          Rampage  .   d - +0 pair of gloves
Will    .....                   l - +0 pair of boots
Stlth   ++++++....              j - amulet of magic regeneration
HPRegen 0.00/turn               (no ring)
MPRegen 0.52/turn               (no ring)

@: about to teleport, bloodless, inhibited regen
A: bloodless, fangs 3, see invisible, vampiric 2
a: Bat Form, Revivify


You were on level 4 of the Dungeon.
You visited 1 branch of the dungeon, and saw 4 of its levels.

You collected 221 gold pieces.

Inventory:

Hand Weapons
 e - a +1 short sword of draining (weapon)
 i - the +9 whip of Ahiuryze {flame, Str+4 Int+3}
   (You found it on level 2 of the Dungeon)

   It burns those it strikes, dealing additional fire damage.
   Str:       It affects your strength (+4).
   Int:       It affects your intelligence (+3).
Armour
 d - a +0 pair of gloves (worn)
 f - a +0 leather armour (worn)
 l - a +0 pair of boots (worn)
Jewellery
 h - a ring of resist corrosion
 j - an amulet of magic regeneration (around neck)
Wands
 o - a wand of digging (4)
Scrolls
 n - a scroll of amnesia
Potions
 a - 3 potions of attraction
 b - a potion of lignification
 c - a potion of invisibility
 m - a potion of degeneration {unknown}
 p - a potion of magic {unknown}
 r - a potion of ambrosia {unknown}


   Skills:
 + Level 1.6 Short Blades
 + Level 2.9 Dodging
 * Level 8.5 Stealth
 * Level 2.7 Spellcasting
 * Level 5.0 Hexes
 * Level 0.9 Transmutations
 * Level 1.0 Air Magic
 * Level 0.5 Poison Magic


You had 4 spell levels left.
You knew the following spells:

 Your Spells              Type           Power      Damage    Failure   Level
a - Confusing Touch       Hex            20%        N/A       10%         3
c - Sting                 Tmut/Pois      16%        1d3       19%         1
d - Poisonous Vapours     Pois/Air       10%        N/A       28%         2

Your spell library contained the following spells:

 Spells                   Type           Power      Damage    Failure   Level
 Tukima's Dance           Hex            20%        N/A       10%         3
 Ensorcelled Hibernation  Hex/Ice        22%        N/A       14%         2
 Pain                     Necr           8%         1d4       26%         1
 Dazzling Flash           Conj/Hex       22%        N/A       26%         3
 Portal Projectile        Hex/Tloc       22%        N/A       26%         3
 Call Canine Familiar     Summ           2%         N/A       58%         3
 Gell's Gravitas          Tloc           2%         N/A       58%         3
 Lesser Beckoning         Tloc           2%         N/A       58%         3
 Teleport Other           Tloc           2%         N/A       58%         3
 Leda's Liquefaction      Hex/Erth       5%         N/A       65%         4
 Olgreb's Toxic Radiance  Pois           4%         N/A       90%         4
 Agony                    Necr           2%         N/A       100%        5
 Excruciating Wounds      Necr           1%         N/A       100%        5


Dungeon Overview and Level Annotations

Branches:
Dungeon (4/15)
 Temple: D:4-7

Altars:
Ashenzari


Innate Abilities, Weirdness & Mutations

You do not regenerate when monsters are visible.
You are frail without blood (-20% HP).
You can heal yourself when you bite living creatures.
You are immune to poison.
You have razor-sharp teeth.
You have supernaturally acute eyesight. (SInv)
You are afflicted with vampirism and can become a bat while bloodless.


Message History

The iguana bites you!
* * * LOW HITPOINT WARNING * * *
The necrophage hits you but does no damage.
You feel better.
The iguana bites you but does no damage.
The necrophage hits you.
You feel better. The iguana bites you. The necrophage hits you.
* * * LOW HITPOINT WARNING * * *
Okay, then.
Okay, then.
You hit the iguana but do no damage. The iguana barely misses you.
The necrophage closely misses you.
You closely miss the necrophage. Your bite misses the necrophage.
The necrophage is severely damaged.
The iguana bites you but does no damage.
The necrophage hits you.
* * * LOW HITPOINT WARNING * * *
You hit the necrophage but do no damage.
You bite the necrophage.
The necrophage is severely damaged.
The iguana bites you but does no damage.
The necrophage barely misses you.
As you read the scroll labelled VAOW BEGRUPIM, it crumbles to dust.
The creatures around you are filled with an inner flame!
It was a scroll of immolation.
The iguana barely misses you.
The necrophage hits you but does no damage.
As you read the scroll labelled BYANIR TOEPNYL, it crumbles to dust.
It is a scroll of amnesia.
Forget Ensorcelled Hibernation, freeing 2 spell levels for a total of 4?
Your memory of Ensorcelled Hibernation unravels.
Your hands stop glowing.
The iguana bites you.
* * * LOW HITPOINT WARNING * * *
The necrophage barely misses you.
As you read the scroll labelled COJURUHIAR, it crumbles to dust.
You feel strangely unstable.
It was a scroll of teleportation.
The iguana bites you.
* * * LOW HITPOINT WARNING * * *
The necrophage hits you.
You die...

.##...##########...##
.##...##..#..###...##
....................#
....†......#........#
...........#...)....#
.##...##..##..####..#
.#######..##..##.####
..'.......#.......#
..#.......#.....@n#
.##...##..##.##.l##
###...##..##.##....
..'.......... #....#
..#.........( #....#
..#...........#....#
.##......... .#....#
.##......... #....#
.#######.....#


You could see a necrophage (inner flame) and an iguana (inner flame).

Vanquished Creatures
  An ogre (D:4)
  2 hounds
  An iguana (D:4)
  A howler monkey skeleton (D:4)
  2 adders
  A worm (D:3)
  A dart slug (D:1)
  13 orcs
  4 endoplasms
  2 giant cockroaches
  3 goblins
  5 hobgoblins
  3 jackals (D:2)
  8 kobolds
  4 quokkas
  7 ball pythons
  7 bats
  5 frilled lizards
  3 rats
73 creatures vanquished.

Notes
Turn   | Place    | Note
-------+----------+-------------------------------------------
     0 | D:1      | LynnLen the Vampire Enchanter began the quest for the Orb.
     0 | D:1      | Reached XP level 1. HP: 13/13 MP: 3/3
   460 | D:1      | Reached XP level 2. HP: 15/15 MP: 5/5
   581 | D:1      | Reached skill level 5 in Stealth
   702 | D:1      | Noticed a great orb of eyes
   704 | D:1      | Found a faded altar of an unknown god.
   706 | D:1      | Noticed a great orb of eyes
   717 | D:1      | Noticed a shining eye
   732 | D:1      | Noticed a golden eye
  1136 | D:2      | Found a broken altar of Ashenzari.
  1204 | D:2      | Identified the +9 whip of Ahiuryze {flame, Str+4 Int+3}
  1218 | D:2      | Gained mutation: You are afflicted with vampirism and can
                  | become a bat while bloodless. [Vampire growth]
  1218 | D:2      | Reached XP level 3. HP: 19/19 MP: 6/6
  1471 | D:2      | Reached skill level 6 in Stealth
  1939 | D:2      | Reached skill level 7 in Stealth
  1939 | D:2      | Reached XP level 4. HP: 23/24 MP: 7/7
  2569 | D:3      | Learned a level 3 spell: Confusing Touch
  2572 | D:3      | Learned a level 2 spell: Ensorcelled Hibernation
  2574 | D:3      | Learned a level 1 spell: Sting
  2577 | D:3      | Learned a level 2 spell: Poisonous Vapours
  2755 | D:4      | Reached XP level 5. HP: 28/28 MP: 8/8
  2785 | D:4      | Reached skill level 8 in Stealth
  3189 | D:4      | Noticed an ogre
  3197 | D:4      | Killed an ogre
  3198 | D:4      | Reached skill level 5 in Hexes
  3198 | D:4      | Reached XP level 6. HP: 32/32 MP: 8/10
  3274 | D:4      | Reached skill level 1 in Air Magic
  3506 | D:4      | Slain by a necrophage

Illustrated notes

Levels and vault maps discovered:
D:1:      erik_arrival_blinker_ship, layout_basic,
          hellmonk_ecumenical_altar_watching_god, nrook_loot_triangle
D:2:      layout_basic, basic_altar, minmay_misc_feat_roman
D:3:      layout_rooms
D:4:      layout_gridville, cheibriados_altar_1,
          minmay_fractal_squares_gapless_5

Skill      XL: |  1  2  3  4  5  6 |
---------------+-------------------+-----
Stealth        | 5 7 8 |  8.5
Hexes          | 5 |  5.0
Air Magic      | 1 |  1.0
Short Blades   | |  1.6
Dodging        | |  2.9
Spellcasting   | |  2.7
Transmutations | |  0.9
Poison Magic   | |  0.5

Action                   |  1- 3 |  4- 6 || total
-------------------------+-------+-------++-------
Melee: Short sword       |    65 |    84 ||   149
       Dagger            |     2 |       ||     2
       Bite              |     5 |    11 ||    16
       Whip              |    10 |       ||    10
       Punch             |     1 |     1 ||     2
 Cast: Confusing Touch   |       |     1 ||     1
 Abil: Exsanguinate      |     1 |       ||     1
  Use: Scroll            |     3 |     5 ||     8
       Potion            |       |     3 ||     3
 Stab: Sleeping          |    17 |    19 ||    36
       Distracted        |     1 |       ||     1
Armor: Robe              |     3 |       ||     3
       Leather armour    |    19 |    28 ||    47
Dodge: Dodged            |    49 |    46 ||    95
